 Dungeon Crawl Stone Soup version 0.27-a0-1324-ge0d8e047f6 (webtiles) character file.

Game seed: 9336739435935667416

1214 pokeman the Thaumaturge (level 8, -6/44 HPs)
             Began as a Deep Elf Hedge Wizard on June 23, 2021.
             Shot with an arrow by a centaur (11 damage)
             ... on level 5 of the Dungeon.
             The game lasted 00:12:44 (5768 turns).

pokeman the Thaumaturge (Deep Elf Hedge Wizard)     Turns: 5768, Time: 00:12:45

Health: -6/44      AC:  8    Str:  7    XL:     8   Next: 22%
Magic:  24/32      EV: 12    Int: 28    God:
Gold:   74         SH:  5    Dex: 14    Spells: 14/25 levels left

rFire    . . .     SeeInvis .   n - +2 dagger (venom)
rCold    . . .     Faith    .   (no shield)
rNeg     . . .     Spirit   .   d - +0 leather armour
rPois    .         Reflect  +   j - +0 helmet
rElec    .         Harm     .   (no cloak)
rCorr    .         Rampage  .   o - +0 pair of gloves
Will     .....                  k - +2 pair of boots
Stlth    ++........             i - amulet of reflection
HPRegen  0.14/turn              h - ring of magical power
MPRegen  0.23/turn              y - +6 ring of intelligence

@: no status effects
A: no striking features
a: no special abilities


You were on level 5 of the Dungeon.
You visited 1 branch of the dungeon, and saw 5 of its levels.
You also visited: Ossuary.

You collected 164 gold pieces.
You spent 90 gold pieces at shops.

Inventory:

Hand Weapons
 n - a +2 dagger of venom (weapon)
 G - a +0 shortbow
Missiles
 c - 76 arrows
 e - 34 bolts
Armour
 d - a +0 leather armour (worn)
 f - a scarf of harm
 j - a +0 helmet (worn)
 k - a +2 pair of boots (worn)
 o - a +0 pair of gloves (worn)
Jewellery
 h - a ring of magical power (left hand)
 i - an amulet of reflection (around neck)
 p - an amulet of magic regeneration
 y - a +6 ring of intelligence (right hand)
 A - a ring of protection from fire
Scrolls
 a - a scroll of vulnerability {unknown}
 b - 4 scrolls of identify {unknown}
 s - a scroll of fear {unknown}
 u - a scroll of immolation {unknown}
 v - a scroll of teleportation {unknown}
 w - 3 scrolls of silence {unknown}
 x - a scroll of amnesia {unknown}
 B - 2 scrolls of acquirement {unknown}
 C - a scroll of enchant weapon {unknown}
 D - a scroll of enchant armour {unknown}
Potions
 g - 4 potions of resistance {unknown}
 l - 3 potions of mutation {unknown}
 m - 5 potions of lignification
 q - 2 potions of heal wounds
 r - a potion of magic {unknown}
 t - 4 potions of curing
 z - a potion of attraction {unknown}
 E - a potion of cancellation {unknown}
 F - a potion of flight {unknown}


   Skills:
 - Level 2.0 Fighting
 + Level 2.2 Armour
 - Level 3.0 Dodging
 - Level 3.0 Stealth
 * Level 9.3 Spellcasting
 + Level 4.8 Conjurations
 - Level 1.1 Summonings
 - Level 1.1 Translocations
 + Level 3.6 Fire Magic
 - Level 1.0 Air Magic
 - Level 1.0 Poison Magic


You had 14 spell levels left.
You knew the following spells:

 Your Spells              Type           Power      Damage    Failure   Level
a - Magic Dart            Conj           100%       1d8       1%          1
b - Mephitic Cloud        Conj/Pois/Air  25%        N/A       8%          3
c - Call Imp              Summ           19%        N/A       6%          2
d - Blink                 Tloc           N/A        N/A       6%          2
e - Conjure Flame         Conj/Fire      36%        6-21      3%          3

Your spell library contained the following spells:

 Spells                   Type           Power      Damage    Failure   Level
 Corona                   Hex            14%        N/A       6%          1
 Dazzling Flash           Conj/Hex       52%        N/A       7%          3
 Ensorcelled Hibernation  Hex/Ice        26%        N/A       10%         2
 Slow                     Hex            13%        N/A       10%         2
 Confusing Touch          Hex            13%        N/A       19%         3
 Tukima's Dance           Hex            13%        N/A       19%         3


Dungeon Overview and Level Annotations

Branches:
Dungeon (5/15)            Ossuary (visited)
 Temple: D:4-7

Altars:

Shops:
D:1 *   D:3 !


Message History

The ogre seems less confused.
The jackal closely misses you. You block the jackal's attack.
The jackal closely misses you.
You hit the jackal.
You kill the jackal!
You block the jackal's attack.
Casting: Magic Dart (safe; 1% risk of failure)
Confirm with . or Enter, or press ? or * to list all spells.
You blink.
Casting: Blink (safe; 6% risk of failure)
Confirm with . or Enter, or press ? or * to list all spells.
Aiming: Mephitic Cloud (dangerous; 8% risk of failure)
Press: ? - help, Shift-Dir - straight line, f - ogre
Aim: an ogre, wielding a +0 giant club (lightly wounded, chance to affect: 77%)
The ball explodes into a vile cloud!
The stinking cloud engulfs the ogre but does no damage.
The ogre is lightly wounded.
You hear a shout!
You kill the jackal!
The ogre is engulfed in noxious fumes.
The ogre appears confused.
Unknown command.
Casting: Mephitic Cloud (dangerous; 8% risk of failure)
Confirm with . or Enter, or press ? or * to list all spells.
Aiming: Magic Dart (safe; 1% risk of failure)
Press: ? - help, Shift-Dir - straight line, f/p - ogre
Aim: an ogre, wielding a +0 giant club (lightly wounded, confused, 100% to hit)
The magic dart hits the ogre!
The ogre is moderately wounded.
A centaur comes into view.
Unknown command.
The ogre is engulfed in noxious fumes.
The ogre appears confused.
You hit the ogre.
The ogre is poisoned.
The ogre is heavily wounded.
The centaur wields a +0 shortbow.
The centaur shoots an arrow.
The arrow hits you!
The ogre is engulfed in noxious fumes.
The ogre appears confused.
The ogre hits you with a +0 giant club!!
Ouch! That really hurt!
* * * LOW HITPOINT WARNING * * *
The centaur shoots an arrow.
The arrow hits you!
You die...

##########...
######............
.................
................
............#.#.
................
............#.#.#.
#.@.☼<○)...>.
#...O°○#.#.#.
#...○☼.....
#......#.#.
#..........
#...........
#......(..###
#.....c...#
#.........#


You could see an ogre (confused, very poisoned) and a centaur.

Vanquished Creatures
  Grinder (D:4)
  A hornet zombie (Ossuary)
  A centaur (D:4)
  2 water moccasin zombies (Ossuary)
  A centaur zombie (Ossuary)
  A hound (D:4)
  3 bullfrog zombies (Ossuary)
  12 mummies (Ossuary)
  Natasha (thrice) (D:2)
  Terence (D:3)
  3 killer bee zombies (Ossuary)
  2 howler monkey zombies (Ossuary)
  3 gnolls (D:3)
  4 adders
  5 dart slugs
  6 orcs
  4 bats
  5 endoplasms
  2 giant cockroaches
  6 goblins
  6 hobgoblins
  6 jackals
  5 kobolds
  2 quokkas
  6 ball pythons
  5 frilled lizards
  4 rats
100 creatures vanquished.

Vanquished Creatures (collateral kills)
  A mummy (Ossuary)
1 creature vanquished.

Vanquished Creatures (others)
  11 withered plants (Ossuary)
11 creatures vanquished.

Grand Total: 112 creatures vanquished

Notes
Turn   | Place    | Note
-------+----------+-------------------------------------------
     0 | D:1      | pokeman the Deep Elf Hedge Wizard began the quest for the
                  | Orb.
     0 | D:1      | Reached XP level 1. HP: 10/10 MP: 7/7
   361 | D:1      | Found a faded altar of an unknown god.
   547 | D:1      | Reached XP level 2. HP: 14/15 MP: 3/9
   719 | D:1      | Found Humickigua's General Store.
   859 | D:1      | Reached skill level 5 in Spellcasting
   962 | D:1      | Reached XP level 3. HP: 20/20 MP: 3/11
   966 | D:1      | Learned a level 3 spell: Mephitic Cloud
   969 | D:1      | Learned a level 2 spell: Call Imp
   972 | D:1      | Learned a level 2 spell: Blink
   976 | D:1      | Learned a level 3 spell: Conjure Flame
  1658 | D:2      | Noticed Natasha
  1668 | D:2      | Killed Natasha
  1669 | D:2      | Reached skill level 1 in Fighting
  1669 | D:2      | Reached skill level 1 in Armour
  1983 | D:2      | Reached XP level 4. HP: 25/25 MP: 13/13
  2083 | D:2      | Noticed Natasha
  2094 | D:2      | Killed Natasha
  2347 | D:2      | Noticed Natasha
  2354 | D:2      | Killed Natasha
  2355 | D:2      | Reached skill level 1 in Fire Magic
  2612 | D:3      | Noticed Terence
  2625 | D:3      | Killed Terence
  2626 | D:3      | Reached skill level 6 in Spellcasting
  2626 | D:3      | Reached XP level 5. HP: 29/29 MP: 14/15
  3351 | D:3      | Reached skill level 1 in Air Magic
  3506 | D:3      | Found Fuev's Distillery.
  3520 | D:3      | Bought a potion of lignification for 30 gold pieces
  3520 | D:3      | Bought a potion of degeneration for 10 gold pieces
  3520 | D:3      | Bought a potion of heal wounds for 50 gold pieces
  3777 | D:4      | Noticed Grinder
  3795 | D:4      | Found a sand-covered staircase.
  3810 | Ossuary  | Entered an ossuary
  3890 | Ossuary  | Reached skill level 1 in Poison Magic
  3890 | Ossuary  | Reached XP level 6. HP: 30/34 MP: 17/17
  3913 | Ossuary  | Reached skill level 7 in Spellcasting
  3997 | Ossuary  | Reached XP level 7. HP: 28/39 MP: 13/20
  4215 | Ossuary  | Reached skill level 8 in Spellcasting
  5144 | D:4      | Paralysed by Grinder for 7 turns
  5159 | D:4      | Paralysed by Grinder for 4 turns
  5171 | D:4      | Killed Grinder
  5172 | D:4      | Reached skill level 9 in Spellcasting
  5172 | D:4      | Reached XP level 8. HP: 29/44 MP: 9/23
  5751 | D:5      | Entered Level 5 of the Dungeon
  5768 | D:5      | Shot with an arrow by a centaur

Illustrated notes

Levels and vault maps discovered:
D:1:      dpeg_cavernosity, layout_loops_ring, shapermc_ecumenical_altar_venn,
          serial_shops, shop, minmay_tree_intersection
D:2:      layout_rooms, chequers_arboretum, minmay_cupped, uniq_natasha
D:3:      layout_basic, serial_shops, nicolae_square_shop, uniq_terence
D:4:      layout_layer_cave, nicolae_ossuary_entry_ruins, uniq_grinder
D:5:      layout_gridville, minmay_misc_feat_enclosed, st_stairs_8

Skill      XL: |  1  2  3  4  5  6  7 |
---------------+----------------------+-----
Spellcasting   | 5 6 7 9 |  9.3
Fighting       | 1 2 |  2.0
Armour         | 1 2 |  2.2
Conjurations   | 2 3 4 |  4.8
Fire Magic     | 1 2 3 |  3.6
Dodging        | 3 |  3.0
Air Magic      | 1 |  1.0
Stealth        | 3 |  3.0
Poison Magic   | 1 |  1.0
Summonings     | |  1.1
Translocations | |  1.1

Action                   |  1- 3 |  4- 6 |  7- 9 || total
-------------------------+-------+-------+-------++-------
Melee: Dagger            |     1 |    26 |    27 ||    54
 Cast: Magic Dart        |    86 |    85 |   110 ||   281
       Mephitic Cloud    |     1 |     5 |     4 ||    10
       Conjure Flame     |       |     8 |    10 ||    18
       Call Imp          |       |     3 |     1 ||     4
       Blink             |       |       |     2 ||     2
 Stab: Confused          |       |     1 |     2 ||     3
       Sleeping          |       |     1 |       ||     1
Armor: Leather armour    |     4 |    11 |    13 ||    28
Dodge: Dodged            |     3 |    25 |    23 ||    51
Block: Other             |       |     5 |    11 ||    16
       Reflection        |       |     1 |       ||     1

Table legend: (Time is in decaauts)
 A = Elapsed time spent in this place.
 B = Non-inter-level travel time spent in this place.
 C = Inter-level travel time spent in this place.
 D = Time resting spent in this place.
 E = Time spent auto-exploring this place.
 F = Levels seen in this place.
 G = Mean time per level.
                   A        B        C        D        E       F      G
               +--------+--------+--------+--------+--------+-----+--------+
         Total |   5802 |   5703 |     99 |    562 |   4281 |   6 |  967.0 |
       Dungeon |   4893 |   4794 |     99 |    460 |   3799 |   5 |  978.6 |
       Ossuary |    908 |    908 |      0 |    102 |    482 |   1 |  908.0 |
               +--------+--------+--------+--------+--------+-----+--------+

Top non-repeatable levels by time:
     D:1: 1748 daAuts
     D:3: 1214 daAuts
     D:4: 1126 daAuts
 Ossuary: 908 daAuts
     D:2: 787 daAuts
     D:5: 16 daAuts
